Map: Frost LE

Players

Welmu - Winner!

  • Race: Protoss Protoss

Hydra

  • Race: Zerg Zerg

Event: 2016 WCS Summer Circuit Championship (DH Montreal)

VOD

Have the link to the VOD?

Description

Time

  • Played on: Aug. 12, 2016, 11:44 a.m.
  • Length: 8:55

All games in this series

Show
View Real Time Build Order
Export as new Build Order

Welmu Protoss - Winner!

Build Orders: Mass Adepts 

Get SALT Encoding   

  12  0:00  Probe (Chrono Boost)  
  13  0:11  Probe (Chrono Boost)  
  14  0:18  Pylon  
  14  0:22  Probe (Chrono Boost)  
  15  0:36  Probe (Chrono Boost)  
  15  0:38  Gateway  
  16  0:46  Probe (Chrono Boost)  
  16  0:48  Assimilator  
  18  0:57  Probe (Chrono Boost)  
  18  1:03  Gateway  
  18  1:07  Probe (Chrono Boost)  
  19  1:18  Probe (Chrono Boost)  
  20  1:25  Cybernetics Core  
  20  1:31  Pylon  
  20  1:50  Nexus  
  20  2:00  Adept x2  
  20  2:08  Warp Gate  
  24  2:11  Probe (Chrono Boost)  
  24  2:15  Assimilator  
  25  2:25  Adept x2  
  29  2:32  Probe (Chrono Boost)  
  30  2:37  Pylon  
  31  2:45  Probe (Chrono Boost)  
  31  2:56  Probe (Chrono Boost)  
  32  3:06  Probe (Chrono Boost)  
  32  3:08  Probe (Chrono Boost)  
  34  3:16  Twilight Council  
  34  3:17  Probe (Chrono Boost)  
  36  3:21  Mothership Core (Chrono Boost)  
  37  3:27  Probe (Chrono Boost)  
  35  3:38  Probe (Chrono Boost)  
  35  3:40  Probe (Chrono Boost)  
  29  3:43  Adept x2  
  29  3:44  Resonating Glaives  
  33  3:49  Probe (Chrono Boost)  
  33  3:50  Probe (Chrono Boost)  
  35  4:00  Robotics Facility  
  35  4:01  Probe (Chrono Boost)  
  37  4:03  Probe (Chrono Boost)  
  37  4:13  Probe x2 (Chrono Boost)  
  37  4:16  Gateway  
  39  4:23  Adept  
  42  4:24  Adept  
  42  4:25  Probe (Chrono Boost)  
  42  4:27  Probe (Chrono Boost)  
  45  4:36  Pylon  
  45  4:37  Probe x2 (Chrono Boost)  
  47  4:44  Adept x2  
  51  4:46  Warp Prism  
  53  4:54  Probe (Chrono Boost)  
  53  4:56  Probe (Chrono Boost)  
  55  5:05  Adept x2  
  59  5:11  Adept  
  61  5:18  Pylon  
  61  5:27  Nexus  
  61  5:30  Probe (Chrono Boost)  
  61  5:33  Pylon  
  62  5:36  Probe (Chrono Boost)  
  62  5:40  Probe (Chrono Boost)  
  64  5:47  Probe (Chrono Boost)  
  63  5:51  Probe (Chrono Boost)  
  64  5:57  Probe (Chrono Boost)  
  64  6:01  Adept x3  
  64  6:02  Probe (Chrono Boost)  
  64  6:03  Immortal  
  62  6:08  Probe (Chrono Boost)  
  61  6:14  Probe (Chrono Boost)  
  63  6:18  Probe (Chrono Boost)  
  63  6:20  Pylon  
  63  6:21  Adept  
  63  6:22  Adept x2  
  64  6:26  Probe (Chrono Boost), Adept x3  
  64  6:29  Probe (Chrono Boost)  
  64  6:30  Gateway  
  66  6:33  Gateway  
  66  6:38  Probe (Chrono Boost)  
  66  6:39  Probe (Chrono Boost)  
  56  6:40  Probe (Chrono Boost)  
  54  6:50  Probe x2 (Chrono Boost)  
  54  6:51  Probe (Chrono Boost)  
  57  7:00  Probe (Chrono Boost)  
  59  7:01  Probe (Chrono Boost)  
  59  7:02  Probe (Chrono Boost)  
  59  7:06  Gateway  
  59  7:07  Gateway  
  60  7:11  Probe (Chrono Boost), Sentry, Gateway  
  60  7:12  Sentry  
  60  7:13  Adept  
  62  7:31  Pylon  
  62  7:38  Adept x5  
  70  7:47  Probe x2 (Chrono Boost)  
  70  7:48  Probe (Chrono Boost)  
  73  7:57  Probe (Chrono Boost)  
  74  7:58  Adept  
  74  7:59  Sentry  
  74  8:00  Sentry, Adept x2  
  74  8:01  Observer  
  85  8:14  Adept  
  85  8:18  Probe (Chrono Boost)  
  76  8:22  Adept x6  
  76  8:25  Sentry  
  76  8:26  Probe (Chrono Boost)  
  91  8:27  Probe (Chrono Boost)  
  88  8:43  Adept x4  
Show
View Real Time Build Order
Export as new Build Order

Hydra Zerg 

Build Orders: Hatch First 

Get SALT Encoding   

  12  0:00  Drone  
  13  0:12  Overlord  
  13  0:16  Drone  
  14  0:30  Drone x2  
  14  0:34  Drone  
  17  0:51  Hatchery  
  17  0:55  Drone  
  17  0:58  Drone  
  18  1:04  Extractor  
  18  1:06  Drone  
  18  1:16  Spawning Pool  
  17  1:20  Drone  
  18  1:27  Drone  
  19  1:38  Overlord  
  19  1:49  Drone  
  20  2:00  Drone  
  21  2:03  Queen x2  
  21  2:04  Zergling x2  
  21  2:06  Metabolic Boost  
  26  2:11  Drone  
  26  2:14  Drone  
  28  2:21  Drone  
  29  2:25  Drone  
  30  2:32  Drone  
  31  2:41  Hatchery  
  30  2:49  Zergling x2  
  30  2:50  Zergling x2  
  33  2:51  Zergling x2  
  33  2:54  Zergling x2  
  34  2:58  Zergling x2  
  34  3:05  Zergling x2  
  34  3:08  Spore Crawler  
  34  3:11  Drone x2  
  33  3:15  Zergling x2  
  33  3:17  Overlord  
  34  3:28  Drone  
  34  3:29  Drone  
  32  3:34  Drone x2  
  32  3:38  Drone  
  33  3:46  Drone  
  33  3:47  Drone  
  35  3:51  Drone  
  35  3:52  Drone  
  35  3:54  Drone  
  37  3:59  Drone  
  37  4:02  Queen  
  38  4:06  Pneumatized Carapace  
  39  4:10  Drone  
  39  4:14  Zergling x4  
  42  4:17  Evolution Chamber  
  42  4:18  Drone x2  
  42  4:21  Drone  
  44  4:24  Overlord  
  44  4:26  Drone  
  44  4:29  Drone  
  46  4:33  Drone  
  46  4:35  Drone  
  48  4:41  Baneling Nest  
  48  4:44  Zergling x8  
  48  4:45  Zergling x2  
  52  4:48  Zergling x4  
  52  4:52  Overlord  
  54  5:00  Extractor  
  53  5:09  Zergling x2  
  53  5:10  Zergling x6  
  57  5:14  Drone x2  
  57  5:16  Overlord  
  57  5:18  Drone  
  57  5:19  Drone x3  
  57  5:20  Zergling x2  
  57  5:21  Zergling x2  
  65  5:22  Overlord  
  65  5:27  Baneling x2  
  65  5:28  Baneling x3  
  65  5:29  Baneling  
  65  5:30  Zergling x2  
  66  5:36  Zergling x10  
  66  5:41  Zergling x2  
  62  5:52  Drone x3  
  62  5:55  Drone  
  58  5:58  Drone  
  58  6:02  Zergling x2  
  58  6:03  Zergling x12  
  54  6:11  Zergling x4  
  54  6:16  Zergling x4  
  54  6:27  Drone  
  54  6:28  Drone  
  53  6:33  Drone x2  
  53  6:34  Drone x3  
  53  6:36  Drone  
  55  6:43  Zergling x6  
  55  6:46  Zerg Melee Weapons Level 1  
  57  6:51  Zergling x4  
  57  6:53  Baneling x2  
  59  6:57  Baneling x2  
  59  7:02  Drone x2  
  59  7:04  Drone x2  
  63  7:09  Drone  
  63  7:10  Drone  
  63  7:12  Drone  
  66  7:21  Drone x2  
  66  7:23  Drone  
  66  7:29  Drone  
  64  7:30  Queen  
  64  7:31  Queen  
  64  7:32  Drone x3  
  64  7:35  Extractor, Drone  
  71  7:37  Drone  
  71  7:41  Roach Warren  
  71  7:43  Overlord  
  70  7:46  Lair  
  70  7:49  Drone x2  
  70  7:50  Drone x3  
  75  7:52  Zergling x2  
  75  7:54  Extractor  
  76  7:58  Drone x3  
  78  8:06  Drone  
  78  8:07  Drone  
  78  8:09  Zergling x2  
  78  8:10  Zergling x10  
  86  8:13  Baneling  
  86  8:14  Baneling x6  
  86  8:15  Hatchery  
  86  8:19  Zergling x6  
  87  8:24  Baneling x3  
  87  8:25  Zergling x6  
  90  8:28  Overlord x2  
Tags
 
Add a new tag
Caveats
  • Supply blocks, unpowered buildings, or Contaminate may cause inaccurate times.
  • Supply counts are checked every 10 seconds.